 Dungeon Sprint DCSS version 0.17-a0-764-gd40c196 (webtiles) character file.

12000000 namelastname112 the Grand Master (level 27, 0/246 (249) HPs)
             Began as a Demonspawn Monk on Apr 23, 2015.
             Was the Champion of Makhleb.
             Slain by a meat berserker
             ... wielding a +9 battleaxe
              (51 damage)
             ... in the Dungeon (Sprint VIII: "Arena of Blood").
             The game lasted 00:03:27 (120 turns).

namelastname112 the Grand Master (Demonspawn Monk)   Turns: 120, Time: 00:03:28

HP:   0/246 (249)   AC:  8    Str: 19    XL:     27
MP:   0/54          EV: 45    Int: 12    God:    Makhleb [******]
Gold: 0             SH:  0    Dex: 31    Spells: 0 memorised, 80 levels left

rFire  + . .     SeeInvis .     i - +∞ Axe of Woe
rCold  . . .     Clarity  .     a - +0 robe
rNeg   + . .     SustAb   .     (no shield)
rPois  .         Gourm    .     (no helmet)
rElec  .         Spirit   +     (no cloak)
rCorr  .         Warding  .     (no gloves)
rMut   .         NoTele   +     (boots unavailable)
MR     ++...                    (no amulet)
Stlth  ++++++++++               (no ring)
                                (no ring)

@: mighty, agile, lethally poisoned (0 -> -25), slowed, very slow, very
resistant to hostile enchantments, uncannily stealthy
A: hooves 3, molten scales 3, negative energy resistance 1, powered by pain 3,
50% torment resistance, magic shield, magic regeneration, magic link, black mark
a: Minor Destruction, Lesser Servant of Makhleb, Major Destruction, Greater
Servant of Makhleb, Renounce Religion


You were in the Dungeon.
You worshipped Makhleb.
Makhleb was exalted by your worship.
You were not hungry.

You visited 1 branch

Inventory:

Hand weapons
 i - the +∞ Axe of Woe (weapon)
   (You found it in the Dungeon)
Armour
 a - a +0 robe (worn)
Scrolls
 h - a scroll of blinking
Potions
 c - a potion of curing
 d - a potion of heal wounds
 e - a potion of haste
 f - 2 potions of magic
 g - a potion of berserk rage
Comestibles
 b - a bread ration


   Skills:
 O Level 27 Fighting
 O Level 27 Axes
 O Level 27 Throwing
 O Level 27 Armour
 O Level 27 Dodging
 O Level 27 Stealth
 O Level 27 Unarmed Combat
 O Level 27 Spellcasting
 O Level 27 Invocations


You had 80 spell levels left.
You didn't know any spells.

Dungeon Overview and Level Annotations

Branches:
Dungeon (1/1)

Altars:
Makhleb

Annotations:
D The Defiler


Innate Abilities, Weirdness & Mutations

You have hooves in place of feet.
You are completely covered in molten scales (AC +4, EV -1, rF+).
You resist negative energy.
You are powered by pain.
You are somewhat able to resist unholy torments (1 in 2 success).
When hurt, damage is shared between your health and your magic reserves.
You regenerate magic rapidly.
When low on magic, you restore magic in place of health.
Your melee attacks sometimes drain vitality from your foes.


Message History

You hear a shout! x4
The bag of meat moves out of view.
The dread calls on the powers of darkness!
The bag of meat convulses!
Your body is wracked with pain!
The dread calls on the powers of darkness!
Your body is wracked with pain!
* * * LOW HITPOINT WARNING * * *
The meat berserker convulses!
The bag of meat convulses!
The meat berserker convulses! x2
The Defiler convulses!
The scourge convulses!
The meat berserker convulses!
The meat berserker rages.
You hear a shout! x3
The bag of meat is engulfed in poison gas.
The bag of meat is poisoned.
The fleshlord gestures wildly while chanting.
The fleshlord seems to speed up.
The fleshlord appears out of thin air!
A fleshlord comes into view. It is wielding a +9 great mace.
You hear a shout! x2
The meat berserker hits you with a +9 battleaxe!!!
You die...

#... ..# #... ..#
.###... %p###.
...%.M###......
....%_..%.. .
#S)%..# . ...
#§@§._# ...
......#§W§..#......
#....§o§@Op...O....
.....%§W###....%...
.W.###... ..###..
.. #O.. ..# #....
..# ..... ...
..%........ ...O.
.... . .


You could see an accursed, a scourge, 2 fleshlords, The Defiler, 3 dreads, 4
meat berserkers and a bag of meat.

Vanquished Creatures
  3 hell beasts (D)
  3 greater mummies (D)
  4 great orbs of eyes (D)
  3 wraiths (D)
  12 vampire knights (D)
  21 ogres (D)
  3 liches (D)
  3 hydras (D)
  52 orcs (D)
  2 phantoms (D)
  6 hill giants (D)
  4 skeletal warriors (D)
  2 sea snakes (D)
  4 large abominations (D)
  A tentacled monstrosity (D)
  2 small abominations (D)
  A soul eater (D)
  3 crawling corpses (D)
129 creatures vanquished.

Vanquished Creatures (others)
  3 crawling corpses (D)
3 creatures vanquished.

Grand Total: 132 creatures vanquished

Notes
Turn   | Place    | Note
--------------------------------------------------------------
     0 | D        | namelastname112, the Demonspawn Monk, began the quest for the Orb.
     0 | D        | Reached XP level 1. HP: 18/18 MP: 1/1
     3 | D        | Noticed a bag of meat
     4 | D        | Noticed a bag of meat
     4 | D        | Became a worshipper of Makhleb the Destroyer
     4 | D        | Acquired Makhleb's first power
     4 | D        | Acquired Makhleb's second power
     5 | D        | Noticed a bag of meat
     7 | D        | Noticed a meat berserker
     8 | D        | Noticed a bag of meat
     8 | D        | Killed a bag of meat
     8 | D        | Reached skill level 13 in Fighting
     8 | D        | Reached skill level 5 in Stealth
     8 | D        | Reached skill level 19 in Unarmed Combat
     8 | D        | Gained mutation: You have large cloven feet. [demonic ancestry]
     8 | D        | Reached XP level 2. HP: 21/41 MP: 2/2
     8 | D        | Reached XP level 3. HP: 24/47 MP: 3/3
     8 | D        | Reached XP level 4. HP: 27/54 MP: 4/4
     8 | D        | Gained mutation: You have hoof-like feet. [demonic ancestry]
     8 | D        | Reached XP level 5. HP: 30/60 MP: 5/5
     8 | D        | Reached XP level 6. HP: 33/67 MP: 6/6
     8 | D        | Reached XP level 7. HP: 35/73 MP: 7/7
     8 | D        | Reached XP level 8. HP: 38/80 MP: 8/8
     8 | D        | Gained mutation: When hurt, damage is shared between your health and your magic reserves. [demonic ancestry]
     8 | D        | Reached XP level 9. HP: 40/86 MP: 9/9
     8 | D        | Gained mutation: You are partially covered in molten scales (AC +1). [demonic ancestry]
     8 | D        | Reached XP level 10. HP: 43/93 MP: 10/10
     8 | D        | Gained mutation: You regenerate magic rapidly. [demonic ancestry]
     8 | D        | Reached XP level 11. HP: 45/99 MP: 11/11
     9 | D        | Killed a bag of meat
     9 | D        | Reached skill level 15 in Fighting
     9 | D        | Reached skill level 21 in Unarmed Combat
     9 | D        | Gained mutation: You are mostly covered in molten scales (AC +3, EV -1). [demonic ancestry]
     9 | D        | Reached XP level 12. HP: 105/110 MP: 12/12
    10 | D        | Killed a meat berserker
    10 | D        | Acquired Makhleb's third power
    10 | D        | Reached skill level 5 in Axes
    10 | D        | Reached skill level 24 in Unarmed Combat
    10 | D        | Gained mutation: You have hooves in place of feet. [demonic ancestry]
    10 | D        | Reached XP level 13. HP: 115/122 MP: 6/13
    10 | D        | Reached XP level 14. HP: 122/130 MP: 6/14
    11 | D        | Killed a bag of meat
    11 | D        | Reached skill level 25 in Unarmed Combat
    12 | D        | Noticed a bag of meat
    12 | D        | Noticed a bag of meat
    12 | D        | Noticed a meat berserker
    13 | D        | Noticed a meat berserker
    13 | D        | Noticed a meat berserker
    13 | D        | Noticed a bag of meat
    15 | D        | Noticed a bag of meat
    15 | D        | Noticed a bag of meat
    15 | D        | Noticed a bag of meat
    15 | D        | Killed a meat berserker
    15 | D        | Acquired Makhleb's fourth power
    15 | D        | Reached skill level 27 in Unarmed Combat
    15 | D        | Reached XP level 15. HP: 138/144 MP: 7/15
    15 | D        | Killed a bag of meat
    15 | D        | Noticed a bag of meat
    16 | D        | Noticed a bag of meat
    16 | D        | Noticed a bag of meat
    16 | D        | Killed a meat berserker
    16 | D        | Reached skill level 10 in Axes
    16 | D        | Reached skill level 10 in Stealth
    16 | D        | Gained mutation: You are completely covered in molten scales (AC +4, EV -1, rF+). [demonic ancestry]
    16 | D        | Reached XP level 16. HP: 125/162 MP: 6/16
    17 | D        | Noticed a large bag of meat
    17 | D        | Killed a meat berserker
    17 | D        | Acquired Makhleb's fifth power
    17 | D        | Gained mutation: You sometimes gain a little power by taking damage. [demonic ancestry]
    17 | D        | Reached XP level 17. HP: 125/173 MP: 3/17
    17 | D        | Killed a bag of meat
    17 | D        | Reached skill level 27 in Fighting
    18 | D        | Noticed a bag of meat
    18 | D        | Noticed a bag of meat
    18 | D        | Noticed a large bag of meat
    18 | D        | Killed a bag of meat
    18 | D        | Reached skill level 27 in Dodging
    19 | D        | Noticed a bag of meat
    19 | D        | Killed a bag of meat
    19 | D        | Reached skill level 15 in Stealth
    20 | D        | Noticed a large bag of meat
    20 | D        | Noticed a bag of meat
    20 | D        | Killed a large bag of meat
    20 | D        | Gained mutation: You sometimes gain power by taking damage. [demonic ancestry]
    20 | D        | Reached XP level 18. HP: 166/182 MP: 5/18
    20 | D        | Killed a bag of meat
    21 | D        | Killed a bag of meat
    22 | D        | Noticed a bag of meat
    22 | D        | Killed a bag of meat
    23 | D        | Noticed a large bag of meat
    23 | D        | Killed a bag of meat
    23 | D        | Killed a bag of meat
    23 | D        | Reached skill level 27 in Axes
    23 | D        | Gained mutation: You resist negative energy. [demonic ancestry]
    23 | D        | Reached XP level 19. HP: 189/189 MP: 5/19
    24 | D        | Noticed a meat berserker
    24 | D        | Noticed a meat berserker
    24 | D        | Killed a bag of meat
    24 | D        | Reached skill level 27 in Stealth
    25 | D        | Noticed a meat berserker
    26 | D        | Noticed a bag of meat
    26 | D        | Noticed a bag of meat
    26 | D        | Killed a large bag of meat
    27 | D        | Noticed a bag of meat
    27 | D        | Noticed a bag of meat
    27 | D        | Noticed a bag of meat
    27 | D        | Noticed a meat berserker
    27 | D        | Killed a meat berserker
    27 | D        | Reached skill level 15 in Invocations
    28 | D        | Killed a bag of meat
    28 | D        | Reached XP level 20. HP: 197/197 MP: 6/36
    28 | D        | Killed a bag of meat
    29 | D        | Noticed a bag of meat
    29 | D        | Killed a bag of meat
    29 | D        | Reached skill level 15 in Throwing
    29 | D        | Reached skill level 15 in Armour
    29 | D        | Reached skill level 15 in Spellcasting
    30 | D        | Noticed a bag of meat
    30 | D        | Killed a bag of meat
    30 | D        | Killed a meat berserker
    30 | D        | Killed a large bag of meat
    30 | D        | Reached XP level 21. HP: 204/204 MP: 6/44
    31 | D        | Noticed a bag of meat
    31 | D        | Killed a meat berserker
    31 | D        | Reached skill level 27 in Invocations
    32 | D        | Noticed a sculptor of flesh
    32 | D        | Killed a meat berserker
    32 | D        | Killed a bag of meat
    33 | D        | Noticed a bag of meat
    33 | D        | Noticed a large bag of meat
    33 | D        | Noticed a sculptor of flesh
    33 | D        | Killed a large bag of meat
    33 | D        | Killed a bag of meat
    33 | D        | Gained mutation: You are somewhat able to resist unholy torments (1 in 2 success). [demonic ancestry]
    33 | D        | Reached XP level 22. HP: 212/212 MP: 8/50
    34 | D        | Noticed a bag of meat
    35 | D        | Killed a bag of meat
    35 | D        | Killed a large bag of meat
    36 | D        | Noticed a destroyer
    37 | D        | Noticed a bag of meat
    37 | D        | Noticed a bag of meat
    37 | D        | Killed a bag of meat
    37 | D        | Killed a bag of meat
    37 | D        | Reached skill level 27 in Throwing
    37 | D        | Reached skill level 27 in Armour
    37 | D        | Reached skill level 27 in Spellcasting
    39 | D        | Noticed a meat berserker
    39 | D        | Killed a bag of meat
    39 | D        | Killed a bag of meat
    39 | D        | Killed a bag of meat
    40 | D        | Noticed a destroyer
    41 | D        | Noticed a bag of meat
    42 | D        | Noticed a bag of meat
    42 | D        | Noticed a sculptor of flesh
    42 | D        | Killed a sculptor of flesh
    42 | D        | Reached XP level 23. HP: 219/219 MP: 9/54
    42 | D        | Killed a sculptor of flesh
    43 | D        | Killed a meat berserker
    44 | D        | Killed a bag of meat
    44 | D        | Killed a bag of meat
    45 | D        | Noticed a bag of meat
    45 | D        | Noticed a bag of meat
    45 | D        | Killed a destroyer
    45 | D        | Gained mutation: Your melee attacks sometimes drain vitality from your foes. [demonic ancestry]
    45 | D        | Reached XP level 24. HP: 227/227 MP: 10/54
    45 | D        | Killed a destroyer
    45 | D        | Killed a bag of meat
    45 | D        | Killed a bag of meat
    46 | D        | Noticed a meat berserker
    46 | D        | Killed a bag of meat
    47 | D        | Killed a sculptor of flesh
    47 | D        | Killed a bag of meat
    49 | D        | Noticed a bag of meat
    49 | D        | Killed a bag of meat
    49 | D        | Reached XP level 25. HP: 234/234 MP: 11/54
    50 | D        | Noticed a destroyer
    50 | D        | Killed a meat berserker
    50 | D        | Killed a bag of meat
    51 | D        | Killed a bag of meat
    52 | D        | Noticed a bag of meat
    54 | D        | Noticed a destroyer
    55 | D        | Noticed a tyrant
    55 | D        | Noticed an accursed
    55 | D        | Noticed a destroyer
    55 | D        | Noticed a meat berserker
    55 | D        | Noticed a meat beast
    56 | D        | Killed a destroyer
    56 | D        | Killed a bag of meat
    57 | D        | Noticed a bag of meat
    58 | D        | Killed a destroyer
    58 | D        | Gained mutation: When low on magic, you restore magic in place of health. [demonic ancestry]
    58 | D        | Reached XP level 26. HP: 242/242 MP: 12/54
    58 | D        | Killed a destroyer
    59 | D        | Noticed a meat berserker
    60 | D        | Killed a meat berserker
    61 | D        | Killed a tyrant
    61 | D        | Killed a meat beast
    61 | D        | Gained mutation: You are powered by pain. [demonic ancestry]
    61 | D        | Reached XP level 27. HP: 249/249 MP: 14/54
    62 | D        | Noticed a bag of meat
    64 | D        | Noticed a meat berserker
    64 | D        | Noticed a meat berserker
    64 | D        | Killed a bag of meat
    64 | D        | Killed a meat berserker
    64 | D        | Killed a bag of meat
    65 | D        | Noticed a meat berserker
    66 | D        | Noticed a large bag of meat
    67 | D        | Noticed a bag of meat
    67 | D        | Killed an accursed
    69 | D        | Noticed a dread
    69 | D        | Noticed a meat berserker
    69 | D        | Killed a meat berserker
    69 | D        | Killed a meat berserker
    71 | D        | Killed a meat berserker
    72 | D        | Killed a bag of meat
    72 | D        | Noticed a destroyer
    75 | D        | Noticed a destroyer
    75 | D        | Killed a meat berserker
    76 | D        | Killed a bag of meat
    76 | D        | Killed a destroyer
    77 | D        | Killed a destroyer
    77 | D        | Killed a large bag of meat
    77 | D        | Killed a dread
    80 | D        | Noticed a destroyer
    81 | D        | Noticed a meat berserker
    81 | D        | Noticed a bag of meat
    82 | D        | Killed a destroyer
    82 | D        | Killed a wretched soul
    83 | D        | Killed a meat berserker
    84 | D        | Noticed a meat beast
    84 | D        | Noticed a meat berserker
    85 | D        | Noticed an accursed
    85 | D        | Noticed a destroyer
    85 | D        | Noticed a meat berserker
    85 | D        | Killed a meat beast
    86 | D        | Noticed a meat berserker
    86 | D        | Noticed a meat beast
    86 | D        | Killed a bag of meat
    87 | D        | Noticed a bag of meat
    88 | D        | Noticed a bag of meat
    88 | D        | Killed a destroyer
    89 | D        | Noticed a dread
    89 | D        | Killed a meat berserker
    90 | D        | Noticed an accursed
    90 | D        | Killed a meat berserker
    90 | D        | Killed a meat beast
    91 | D        | Killed a meat berserker
    92 | D        | Noticed a bag of meat
    92 | D        | Noticed a bag of meat
    94 | D        | Noticed a bag of meat
    94 | D        | Killed an observer
    95 | D        | Noticed a destroyer
    95 | D        | Killed a bag of meat
    95 | D        | Killed a bag of meat
    96 | D        | Noticed a bag of meat
    96 | D        | Killed an accursed
    97 | D        | Noticed a tyrant
    97 | D        | Killed a bag of meat
    97 | D        | Noticed a tyrant
    99 | D        | Noticed a meat berserker
    99 | D        | Killed an accursed
    99 | D        | Killed a wretched soul
    99 | D        | Killed a bag of meat
   100 | D        | Killed a bag of meat
   100 | D        | Killed an observer
   101 | D        | Noticed a bag of meat
   101 | D        | Killed a bag of meat
   104 | D        | Killed a meat berserker
   104 | D        | Killed a destroyer
   105 | D        | Noticed a dread
   105 | D        | Killed a tyrant
   106 | D        | Noticed an accursed
   106 | D        | Killed a tyrant
   106 | D        | Killed an observer
   107 | D        | Noticed a bag of meat
   107 | D        | Noticed a dread
   109 | D        | Noticed a bag of meat
   109 | D        | Killed a dread
   109 | D        | Killed a bag of meat
   109 | D        | Killed a bag of meat
   110 | D        | Noticed a bag of meat
   110 | D        | Noticed a destroyer
   110 | D        | Noticed The Defiler
   110 | D        | Killed a bag of meat
   111 | D        | Noticed a bag of meat
   113 | D        | Killed a bag of meat
   114 | D        | Killed a bag of meat
   114 | D        | Killed an observer
   115 | D        | Noticed an accursed
   115 | D        | Killed a dread
   116 | D        | Noticed a dread
   116 | D        | Noticed a sculptor of flesh
   116 | D        | Noticed a destroyer
   116 | D        | Noticed a bag of meat
   117 | D        | Noticed a fleshlord
   117 | D        | Noticed a meat berserker
   117 | D        | Killed a sculptor of flesh
   118 | D        | Noticed a meat berserker
   118 | D        | Noticed a bag of meat
   118 | D        | Noticed a dread
   118 | D        | Killed a bag of meat
   119 | D        | Noticed a meat beast
   119 | D        | Killed a destroyer
   119 | D        | Killed a destroyer
   120 | D        | Noticed a bag of meat
   120 | D        | Slain by a meat berserker

Action                   |  1- 3 |  4- 6 |  7- 9 | 10-12 | 13-15 | 16-18 | 19-21 | 22-24 | 25-27 || total
-------------------------+-------+-------+-------+-------+-------+-------+-------+-------+-------++-------
Melee: Executioner's axe |     1 |       |       |     2 |     3 |     7 |     9 |    13 |    43 ||    78
 Stab: Distracted        |       |       |       |       |       |     1 |       |       |       ||     1
